 Dungeon Crawl Stone Soup version 0.30-a0-313-gae38170b09 (webtiles) character file.

Game seed: 8025887837396584887

123837 Sobieck the Eclecticist (level 16, -7/109 HPs)
             Began as a Mummy Summoner on Oct 26, 2022.
             Was a High Priest of Kikubaaqudgha.
             Shot with a bolt by a naga sharpshooter (20 damage)
             ... on level 2 of the Snake Pit.
             The game lasted 02:18:52 (27511 turns).

Sobieck the Eclecticist (Mummy Summoner)           Turns: 27511, Time: 02:18:53

Health: -7/109     AC: 11    Str: 11    XL:     16   Next: 37%
Magic:  14/39      EV: 12    Int: 22    God:    Kikubaaqudgha [*****.]
Gold:   1731       SH:  4    Dex: 13    Spells: 16/53 levels left

rFire   x . .      SeeInvis +    a - +8 demon trident (pain) {polearm}
rCold   + . .      Faith    +    U - +0 buckler
rNeg    + + +      Spirit   .    N - +4 troll leather armour
rPois   ∞          Reflect  .    (no helmet)
rElec   .          Harm     .    T - +2 cloak of the Thief {*Fog Slay-2 SInv Stlth+}
rCorr   .          Rampage  .    (no gloves)
Will    ++...                    (no boots)
Stlth   +++.......               Y - amulet of magic regeneration {@e2}
HPRegen 1.18/turn                C - ring of see invisible
MPRegen 0.66/turn                D - +4 ring of slaying

@: death channelling
A: cold resistance 1, negative energy resistance 3, torment resistance 2, heat
vulnerability 1, in touch with death 2, no potions, faith
a: Renounce Religion, Unearth Wretches, Torment


You were on level 2 of the Snake Pit.
You worshipped Kikubaaqudgha.
Kikubaaqudgha was extremely pleased with you.
You visited 5 branches of the dungeon, and saw 25 of its levels.

You collected 2171 gold pieces.
You spent 440 gold pieces at shops.


Innate Abilities, Weirdness & Mutations

You are immune to poison.
Your flesh is cold resistant. (rC+)
You are immune to negative energy. (rN+++)
You are immune to unholy pain and torment.
You are vulnerable to heat. (rF-)
You are strongly in touch with the powers of death.
You do not drink.
You have a special connection with the divine. (Faith)


   Skills:
 - Level 5.0 Fighting
 - Level 5.0 Polearms
 - Level 5.0 Dodging
 - Level 4.0 Stealth
 - Level 1.0 Shields
 - Level 19.0 Spellcasting
 - Level 5.0 Hexes
 - Level 8.0 Summonings
 * Level 17.8 Necromancy
 - Level 5.0 Air Magic
 - Level 8.0 Earth Magic


You had 16 spell levels left.
You knew the following spells:

 Your Spells              Type           Power      Damage    Failure   Level
a - Death Channel         Necr           61%        N/A       1%          6
b - Anguish               Hex/Necr       51%        N/A       1%          4
c - Summon Lightning Spi  Summ/Air       49%        N/A       3%          4
d - Call Canine Familiar  Summ           54%        N/A       1%          3
e - Summon Small Mammal   Summ           100%       N/A       1%          1
f - Animate Dead          Necr           100%       N/A       1%          4
g - Vampiric Draining     Necr           100%       2d13      0%          3
h - Cigotuvi's Dreadful   Necr/Pois/Air  100%       N/A       1%          2
i - Summon Guardian Gole  Hex/Summ       49%        N/A       1%          3
j - Call Imp              Summ           54%        N/A       1%          2
k - Borgnjor's Vile Clut  Necr/Erth      54%        N/A       1%          5

Your spell library contained the following spells:

 Spells                   Type           Power      Damage    Failure   Level
 Necrotise                Necr           100%       1d9       0%          1
 Slow                     Hex            100%       N/A       1%          1
 Confusing Touch          Hex            42%        N/A       1%          3
 Dispel Undead            Necr           100%       3d31      1%          4
 Agony                    Necr           100%       N/A       1%          5
 Leda's Liquefaction      Hex/Erth       24%        N/A       3%          4
 Magic Dart               Conj           80%        1d7       4%          1
 Dazzling Flash           Conj/Hex       62%        N/A       4%          3
 Inner Flame              Hex/Fire       31%        N/A       4%          3
 Lee's Rapid Deconstruct  Erth           27%        3d14*     4%          5
 Mephitic Cloud           Conj/Pois/Air  28%        N/A       7%          3
 Summon Mana Viper        Hex/Summ       49%        N/A       9%          5
 Silence                  Hex/Air        21%        N/A       16%         5
 Haunt                    Necr/Summ      54%        N/A       19%         7
 Infestation              Necr           61%        N/A       19%         8
 Summon Forest            Summ/Tloc      19%        N/A       22%         5
 Summon Cactus Giant      Summ           27%        N/A       24%         6
 Flame Wave               Conj/Fire      20%        2d7       38%         4
 Olgreb's Toxic Radiance  Pois           20%        N/A       38%         4
 Sticky Flame             Conj/Fire      20%        2d4       38%         4
 Ozocubu's Refrigeration  Ice            10%        4d9       100%        7
 Ignition                 Fire           10%        3d5       100%        8
 Chain Lightning          Conj/Air       15%        3d20      100%        9
 Fire Storm               Conj/Fire      10%        8d3       100%        9
 Shatter                  Erth           27%        3d23*     100%        9
 Statue Form              Tmut/Erth      Unusable   N/A       N/A         6

Inventory:

Hand Weapons
 a - a +8 demon trident of pain (weapon) {polearm}
   (You found it on level 12 of the Dungeon)
 d - a +0 triple sword of electrocution {longrare=g}
   (You took it off an orc on level 7 of the Dungeon)
 i - a +2 demon whip of venom {mace}
   (You found it on level 8 of the Dungeon)
 w - a +2 demon blade of venom {long}
   (You found it on level 10 of the Dungeon)
 A - the +6 trident of Gin and Tonic {flame, rCorr Str+4, polearm}
   (You found it on level 5 of the Lair of Beasts)

   It burns those it strikes, dealing additional fire damage.
   Str:       It affects your strength (+4).
   rCorr:     It protects you from acid and corrosion.
 H - a +0 broad axe of flaming {axe}
   (You took it off Maggie on level 1 of the Lair of Beasts)
Missiles
 c - 5 curare-tipped darts {=fthrowing}
 e - 4 atropa-tipped darts {throwing}
 n - 54 poisoned darts {throwing}
 q - 11 boomerangs {throwing}
 s - 3 throwing nets {=f!fthrowing}
 t - 6 silver javelins {throwing}
 z - 10 javelins {throwing}
Armour
 r - a +2 cloak of poison resistance
   (You took it off Maurice on level 9 of the Dungeon)
 u - a +2 kite shield of reflection
   (You took it off a naga warrior on level 1 of the Snake Pit)
 N - a +4 troll leather armour (worn)
   (You found it on level 12 of the Dungeon)
 T - the +2 cloak of the Thief (worn) {*Fog Slay-2 SInv Stlth+}
   (You acquired it on level 1 of the Snake Pit)

   It may release a thick cloud of smoke when the wearer is hurt.
   Slay:      It affects your accuracy & damage with ranged weapons and melee
   (-2).
   SInv:      It lets you see invisible.
   Stlth:     It makes you more stealthy.
 U - a +0 buckler (worn)
   (You found it on level 7 of the Dungeon)
 V - a +0 scale mail
   (You found it on level 7 of the Dungeon)
 W - a +2 robe of positive energy
   (You found it on level 7 of the Dungeon)
Magical Staves
 b - a staff of air {!astaff}
   (You found it on level 8 of the Dungeon)
 j - a staff of fire {!astaff}
   (You found it on level 7 of the Dungeon)
 R - a staff of death {!astaff}
   (You found it on level 7 of the Dungeon)
Jewellery
 g - a ring of positive energy
   (You found it on level 12 of the Dungeon)
 k - an amulet of the acrobat
   (You found it on level 2 of the Dungeon)
 x - an amulet of faith {!P}
   (You took it off an orc on level 4 of the Dungeon)
 C - a ring of see invisible (left hand)
   (You found it on level 5 of the Dungeon)
 D - a +4 ring of slaying (right hand)
   (You found it on level 1 of the Lair of Beasts)
 Y - an amulet of magic regeneration (around neck) {@e2}
   (You found it on level 7 of the Dungeon)
Wands
 f - a wand of polymorph (5)
   (You found it on level 12 of the Dungeon)
 I - a wand of digging (2)
   (You found it on level 5 of the Lair of Beasts)
 M - a wand of charming (41)
   (You found it on level 6 of the Dungeon)
 O - a wand of roots (7)
   (You found it on level 7 of the Dungeon)
 Q - a wand of flame (49)
   (You took it off Maurice on level 9 of the Dungeon)
 X - a wand of mindburst (5)
   (You found it on level 15 of the Dungeon)
Scrolls
 l - 2 scrolls of torment
 m - 9 scrolls of teleportation {@r4}
 o - a scroll of blinking {!r}
 p - 4 scrolls of noise {!r}
 v - a scroll of silence {!r}
 y - 4 scrolls of fog
 B - 2 scrolls of immolation {!r!r}
 E - 3 scrolls of vulnerability {!r!r}
 F - 8 scrolls of identify {@r1}
 G - 2 scrolls of fear
 P - 5 scrolls of poison
 Z - 3 scrolls of magic mapping {!r}
Miscellaneous
 h - a condenser vane
   (You found it on level 7 of the Dungeon)
 J - a lightning rod (4/4)
   (You found it on level 5 of the Lair of Beasts)
 K - a phial of floods
   (You found it on level 15 of the Dungeon)
 L - a tin of tremorstones (2/2) {throwing}
   (You found it on level 4 of the Lair of Beasts)
 S - a box of beasts
   (You found it on level 4 of the Lair of Beasts)

Dungeon Overview and Level Annotations

Branches:
Dungeon (15/15) Zot: 25599  Temple (1/1) D:6 Zot: 5940    Lair (5/5) D:9 Zot: 25379
  Swamp (0/4) Lair:2        Snake (2/4) Lair:3 Zot: 10844   Slime (0/5) Lair:4
    Orc (2/2) D:12 Zot: 10301     Elf (0/3) Orc:2        Vaults (0/5) D:13
 Depths (0/4) D:15

Altars:
Ashenzari
Cheibriados
Dithmenos
Fedhas
Gozag
Hepliaklqana
Kikubaaqudgha
Makhleb
Nemelex Xobeh
Okawaru
Qazlal
Ru
Sif Muna
Trog
Uskayaw
Vehumet
Wu Jian
Yredelemnul

Shops:
D:7 !   Orc:2 !:*(

Portals:
Pandemonium: Orc:2

Annotations:
D:3 Sigmund
D:6 3 runed translucent doors, pigah's ghost, novice OpWn
D:7 exclusion: vampire
D:14 4 runed translucent doors, Pocvaraige's ghost, journeyman TrMo
Lair:3 2 transporters, Memioteh's ghost, journeyman DsMo
Snake:1 Roxanne

....#.)....!...........
...>................... ..
.............#.........
............................
................#+#..........
......######)..)..#.........#
........§§§)Z.).###.......).#
N......§NZZZZ).)# #.#####.###
......)..ZZZ@Z..# #.#####.<##
..........ZZZZ..+ #.#..ZZ....
#........ZZZ....#.#.##..Z....
#..........................#.
#...............#.#.###.####.
#...............#... ... ?
#...............# .###. #
................# #.
................#


You could see a naga sharpshooter, a friendly spectral sea snake, 2 friendly
black mamba zombies, a friendly anaconda zombie, 2 friendly naga zombies, 2
friendly naga warrior zombies, 3 friendly naga mage zombies, a friendly nagaraja
zombie, a friendly guardian serpent zombie, a friendly salamander zombie and a
friendly shock serpent zombie.


Message History

Your naga zombie barely misses the naga sharpshooter.
The naga sharpshooter casts a spell.
The naga sharpshooter magically shoots an arrow.
The arrow hits you!!
* * * LOW HITPOINT WARNING * * *
You feel your power leaking away.
Your mana viper zombie bites the naga sharpshooter.
The electric eel shoots out a bolt of lightning at you!
The bolt of electricity hits your spectral sea snake!
The bolt of electricity hits your anaconda zombie!
The bolt of electricity hits you.
* * * LOW HITPOINT WARNING * * *
Your spectral sea snake closely misses the electric eel.
Your naga ritualist zombie hits the naga sharpshooter!
Your naga ritualist zombie grabs the naga sharpshooter.
Your naga ritualist zombie constricts the naga sharpshooter.
The naga sharpshooter casts a spell.
The naga sharpshooter magically shoots a bolt.
The bolt hits you!
* * * LOW HITPOINT WARNING * * *
Unknown command.
You swap places.
Your guardian serpent zombie hits the naga sharpshooter but does no damage.
Your mana viper zombie bites the naga sharpshooter.
Your naga zombie hits the naga sharpshooter but does no damage.
The naga sharpshooter shoots an arrow.
The arrow hits your naga zombie!
Your naga zombie hits the naga sharpshooter!
Your guardian serpent zombie hits the naga sharpshooter.
Unknown command.
Your mana viper zombie bites the naga sharpshooter!
Your naga ritualist zombie hits the naga sharpshooter but does no damage.
Your naga ritualist zombie constricts the naga sharpshooter.
The naga sharpshooter mumbles some strange words.
The naga sharpshooter magically shoots an arrow.
The arrow hits your naga zombie!
Your guardian serpent zombie hits the naga sharpshooter!
The naga sharpshooter dies!
Kikubaaqudgha accepts your kill.
A glowing mist starts to gather...
Unknown command.
The naga sharpshooter shoots a bolt.
The bolt hits your nagaraja zombie!! The bolt freezes your nagaraja zombie.
You see here a +0 spear {polearm}.
Unknown command.
The naga sharpshooter mumbles some strange words.
The naga sharpshooter magically shoots a bolt.
The bolt hits you!
* * * LOW HITPOINT WARNING * * *
With a swish of your cloak, you release a cloud of fog.
The bolt freezes you.
* * * LOW HITPOINT WARNING * * *
Unknown command.
Unknown command.
Unknown command.
Things that are here:
a +0 hand axe {axe}; a +0 robe Unknown command.
Unknown command.
You start resting.
Something hits your spectral naga sharpshooter!
Something hits your naga ritualist zombie!
Danger!
Unknown command.
You swap places.
The naga sharpshooter unwields a +0 broad axe.
The naga sharpshooter wields a +2 arbalest of freezing.
It is covered in frost.
The naga sharpshooter shoots a bolt.
The bolt hits your naga mage zombie!
Unknown command.
You start resting.
Something barely misses your spectral naga sharpshooter.
Something hits your naga ritualist zombie!
Something hits your naga ritualist zombie.
Unknown command.
You swap places.
Unknown command.
You swap places.
Something hits your spectral naga sharpshooter!!
Your spectral naga sharpshooter is destroyed!
Something barely misses your naga ritualist zombie.
Danger!
Unknown command.
You swap places.
The naga sharpshooter unwields a +0 broad axe.
The naga sharpshooter wields a +2 arbalest of freezing.
It is covered in frost.
The naga sharpshooter mumbles some strange words.
The naga sharpshooter magically shoots a bolt.
The bolt hits you!!
* * * LOW HITPOINT WARNING * * *
The bolt freezes you.
* * * LOW HITPOINT WARNING * * *
You see here a +0 spear {polearm}.
Unknown command.
You swap places.
The naga sharpshooter gestures wildly while chanting.
The naga sharpshooter magically shoots a bolt.
The bolt hits you!!
You die...
Kikubaaqudgha rasps: "You have failed me!
Welcome... oblivion!"

Skill      XL: |  1  2  3  4  5  6  7  8  9 10 11 12 13 14 15 16 |
---------------+-------------------------------------------------+-----
Spellcasting   | 3 4 5 6 7 9 10 12 13 15 16 17 19 | 19.0
Summonings     | 4 5 6 7 8 |  8.0
Fighting       | 1 2 5 |  5.0
Hexes          | 1 4 5 |  5.0
Necromancy     | 3 7 8 12 13 15 16 17 | 17.8
Air Magic      | 2 5 |  5.0
Dodging        | 4 5 |  5.0
Stealth        | 4 |  4.0
Shields        | 1 |  1.0
Earth Magic    | 4 7 8 |  8.0
Polearms       | 4 5 |  5.0

Action                   |  1- 3 |  4- 6 |  7- 9 | 10-12 | 13-15 | 16-18 || total
-------------------------+-------+-------+-------+-------+-------+-------++-------
Melee: Unarmed           |     3 |       |       |       |       |       ||     3
       Dagger            |    61 |    47 |    72 |       |       |       ||   180
       Short sword       |     3 |       |       |       |       |       ||     3
       Punch             |       |       |     1 |       |       |       ||     1
       Demon trident     |       |       |       |       |    71 |    14 ||    85
Throw: Dart              |       |       |       |       |     2 |       ||     2
 Cast: Summon Small Mamm |    46 |    47 |    74 |    17 |     2 |       ||   186
       Call Imp          |    19 |    22 |    33 |    58 |     3 |       ||   135
       Call Canine Famil |       |    16 |    47 |    62 |    82 |     6 ||   213
       Summon Guardian G |       |       |    40 |    65 |     7 |       ||   112
       Summon Lightning  |       |       |       |    51 |    83 |     6 ||   140
       Animate Dead      |       |       |       |    15 |    17 |     1 ||    33
       Vampiric Draining |       |       |       |     3 |     1 |       ||     4
       Anguish           |       |       |       |    12 |    84 |    10 ||   106
       Death Channel     |       |       |       |     5 |    67 |     7 ||    79
       Borgnjor's Vile C |       |       |       |     2 |   183 |    18 ||   203
       Cigotuvi's Dreadf |       |       |       |     1 |       |       ||     1
Invok: Unearth Wretches  |       |       |       |    12 |    21 |     3 ||    36
       Torment           |       |       |       |       |     1 |       ||     1
       Brand Weapon With |       |       |       |       |     1 |       ||     1
Evoke: Wand              |       |       |       |       |     2 |       ||     2
  Use: Scroll            |       |     6 |     4 |     7 |    16 |     1 ||    34
 Stab: Sleeping          |       |       |     1 |       |       |       ||     1
       Distracted        |       |       |     1 |       |     3 |     1 ||     5
       Paralysed         |       |       |       |       |     1 |     1 ||     2
Armor: Robe              |    41 |     9 |    18 |    16 |     3 |       ||    87
       Troll leather arm |       |       |       |       |    63 |     9 ||    72
Dodge: Dodged            |   117 |    42 |   116 |    48 |   107 |     6 ||   436
Block: Buckler           |       |       |     1 |    16 |    39 |     5 ||    61

Levels and vault maps discovered:
D:1:      psy_arrival_spokes, layout_basic
D:2:      layout_loops_ring
D:3:      minmay_angry_zag, layout_basic, uniq_sigmund, uniq_natasha
D:4:      wad_lake_hut, layout_loops_ring, minitemple, enter_ossuary_2,
          uniq_pikel
D:5:      layout_loops_cross, nicolae_qazlal_scattered_showers,
          nicolae_vehumet_altar_sigil
D:6:      layout_cave_pools, minmay_temple_entry_crystal_x,
          gammafunk_ghost_nasty_kobolds
D:7:      minmay_the_grid_square_5x5_3x3
          [minmay_the_grid_square_5x5_half_checkered,
          minmay_the_grid_square_5x5_bridge, minmay_the_grid_square_5x5_comb,
          minmay_the_grid_square_5x5_n_small,
          minmay_the_grid_square_5x5_megaprize_crossed,
          minmay_the_grid_square_5x5_six_small,
          minmay_the_grid_square_5x5_tri_point,
          minmay_the_grid_square_5x5_gyroscope,
          minmay_the_grid_square_5x5_three], layout_rooms, lemuel_tele_altar,
          serial_shops, shop_fountains
D:8:      minmay_chambers_of_sixes, layout_loops_ring,
          grunt_temple_overflow_open, mainiacjoe_overflow_six_doors_small,
          serial_glass, glass_columns_b, glass_columns_a, glass_columns_b,
          glass_columns_a, glass_columns_c, glass_columns_a
D:9:      layout_roguey, nicolae_tso_carved_into_rock, lemuel_crystal_altar,
          grunt_lair_entry_orc_guard_hut, uniq_maurice
D:10:     layout_irregular_city, xom_shifter_show,
          hangedman_abyss_or_decor_clamps,
          hellmonk_guarded_unrand_vitality_bloodlust, uniq_joseph, uniq_grum,
          uniq_harold
D:11:     layout_roguey
D:12:     layout_gridville, hiddenorc1_lemuel, uniq_urug
D:13:     minmay_skewed_foursquare, layout_loops_ring
D:14:     layout_basic, biasface_ghost_orc_armoury, lightli_airlock, uniq_nessos
D:15:     hangedman_depths_entry_civil_slaughter, layout_stronghold,
          serial_rivers, chequers_serial_rivers_marsh,
          chequers_serial_rivers_micro_a, chequers_serial_rivers_micro_a,
          chequers_serial_rivers_micro_a, chequers_serial_rivers_small_3,
          amcnicky_mini_pool_small, uniq_josephine, uniq_louise
Temple:   nicolae_temple_ecumenical_triangle
Lair:1:   layout_gridlike, nicolae_volcano_entry_hallway, st_stairs_9,
          serial_bayou_pond_d, lemuel_fruit_fields, uniq_maggie
Lair:2:   layout_cave_pods, nicolae_swamp_entry_splash_gauntlet,
          infiniplex_staircase_pool_2
Lair:3:   layout_hall_layers, guppyfry_snake_entry_island,
          gammafunk_ghost_wrathful_warriors, lemuel_fruit_fields,
          lemuel_fruit_tree, serial_bayou_shore_b
Lair:4:   layout_cave_shapes, slime_entry_1, grunt_megastairs_1
Lair:5:   gammafunk_lair_ancient_temple, layout_gridlike
Snake:1:  layout_rooms, nicolae_snake_gridmaze_zigzag, serial_bayou_ford_a,
          nicolae_snake_linked_coils, uniq_agnes, uniq_roxanne
Snake:2:  layout_basic, special_room, serial_shops, nicolae_shop_behind_doors,
          drop_trap, serial_bayou_shore_a
Orc:1:    layout_caves
Orc:2:    pf_orc_diabolical, layout_caves, basic_altar, special_room

Notes
Turn   | Place    | Note
-------+----------+-------------------------------------------
     0 | D:1      | Sobieck the Mummy Summoner began the quest for the Orb.
     0 | D:1      | Reached XP level 1. HP: 13/13 MP: 4/4
   253 | D:1      | Reached skill level 3 in Spellcasting
   374 | D:1      | Reached XP level 2. HP: 19/19 MP: 3/6
   448 | D:1      | Learned a level 2 spell: Call Imp
  1183 | D:2      | Gained mutation: You are in touch with the powers of death.
                  | [Mummy growth]
  1183 | D:2      | Reached XP level 3. HP: 17/24 MP: 1/8
  1380 | D:2      | Reached skill level 4 in Spellcasting
  1430 | D:2      | Learned a level 3 spell: Call Canine Familiar
  1546 | D:2      | Reached skill level 4 in Summonings
  1725 | D:2      | Reached XP level 4. HP: 23/31 MP: 6/10
  2434 | D:3      | Noticed Sigmund
  2610 | D:3      | You pick up a book of Debilitation and begin reading...
  2610 | D:3      | You add the spells Slow, Vampiric Draining and Confusing
                  | Touch to your library.
  2626 | D:3      | You pick up a book of Annihilations and begin reading...
  2626 | D:3      | You add the spells Chain Lightning, Fire Storm and Shatter
                  | to your library.
  2647 | D:3      | Noticed Natasha
  2655 | D:3      | Killed Natasha
  2656 | D:3      | Reached skill level 1 in Fighting
  2956 | D:3      | Reached XP level 5. HP: 26/38 MP: 6/11
  3347 | D:3      | You pick up a book of Minor Magic and begin reading...
  3347 | D:3      | You add the spells Magic Dart and Mephitic Cloud to your
                  | library.
  3451 | D:3      | Noticed Natasha
  3497 | D:3      | Killed Natasha
  3498 | D:3      | Reached skill level 2 in Fighting
  3601 | D:4      | Noticed an ogre
  3610 | D:4      | Killed an ogre
  3611 | D:4      | Reached skill level 5 in Spellcasting
  3611 | D:4      | Reached XP level 6. HP: 44/44 MP: 9/14
  3668 | D:4      | Found a basalt altar of Yredelemnul.
  3676 | D:4      | Found a shimmering blue altar of Sif Muna.
  3740 | D:4      | Reached skill level 5 in Summonings
  3770 | D:4      | Reached skill level 6 in Spellcasting
  4262 | D:4      | Noticed Pikel
  4348 | D:3      | Learned a level 3 spell: Summon Guardian Golem
  4440 | D:4      | Reached XP level 7. HP: 50/50 MP: 8/16
  4813 | D:4      | Killed Pikel
  4814 | D:4      | Reached skill level 7 in Spellcasting
  4814 | D:4      | Reached skill level 6 in Summonings
  4814 | D:4      | Reached skill level 1 in Hexes
  4814 | D:4      | Reached XP level 8. HP: 56/56 MP: 15/19
  5044 | D:5      | Entered Level 5 of the Dungeon
  5144 | D:5      | Reached skill level 2 in Hexes
  5579 | D:5      | Found a stormy altar of Qazlal.
  5638 | D:5      | Reached skill level 8 in Spellcasting
  5655 | D:5      | You pick up a book of Flames and begin reading...
  5655 | D:5      | You add the spells Inner Flame, Sticky Flame and Flame Wave
                  | to your library.
  5978 | D:5      | Reached skill level 3 in Hexes
  6146 | D:5      | Found a radiant altar of Vehumet.
  6406 | D:6      | Found a staircase to the Ecumenical Temple.
  6566 | D:5      | Reached skill level 7 in Summonings
  6721 | Temple   | Entered the Ecumenical Temple
  6763 | Temple   | Became a worshipper of Kikubaaqudgha
  6948 | D:6      | Reached skill level 9 in Spellcasting
  6948 | D:6      | Reached skill level 4 in Hexes
  7049 | D:6      | Reached XP level 9. HP: 61/61 MP: 16/22
  7351 | D:6      | Found a runed translucent gate.
  7351 | D:6      | Found a runed translucent gate.
  7351 | D:6      | Found a runed translucent gate.
  7355 | D:6      | Noticed pigah's ghost (novice OpWn)
  7363 | D:6      | Noticed a kobold demonologist
  7835 | D:7      | Found an ornate altar of the Wu Jian Council.
  7887 | D:7      | Reached skill level 5 in Hexes
  7916 | D:7      | Learned a level 4 spell: Summon Lightning Spire
  7921 | D:7      | Reached * piety under Kikubaaqudgha
  7921 | D:7      | You add the spells Necrotise, Cigotuvi's Dreadful Rot and
                  | Animate Dead to your library.
  7921 | D:7      | Received a gift from Kikubaaqudgha
  8048 | D:7      | Reached skill level 10 in Spellcasting
  8084 | D:7      | Reached skill level 1 in Necromancy
  8084 | D:7      | Reached skill level 1 in Air Magic
  8130 | D:7      | Reached skill level 8 in Summonings
  8605 | D:7      | Found Jaepseit's Distillery.
  8624 | D:7      | Reached skill level 2 in Necromancy
  8670 | D:6      | Learned a level 4 spell: Animate Dead
  8674 | D:6      | Learned a level 3 spell: Vampiric Draining
  8677 | D:6      | Learned a level 2 spell: Cigotuvi's Dreadful Rot
  8886 | D:7      | Noticed a deep elf pyromancer
  8904 | D:7      | HP: 14/61 [themself (45)]
  8904 | D:7      | Killed a deep elf pyromancer
  8905 | D:7      | Reached skill level 3 in Necromancy
  8905 | D:7      | Reached skill level 2 in Air Magic
  9092 | D:7      | d - a +0 triple sword of electrocution {longrare=g}
  9131 | D:7      | Noticed a gargoyle
  9138 | D:7      | HP: 14/61 [gargoyle/stone arrow (16)]
  9383 | D:7      | Killed a gargoyle
  9384 | D:7      | Reached XP level 10. HP: 67/67 MP: 24/24
  9496 | D:7      | Noticed a gargoyle
  9503 | D:7      | Killed a gargoyle
  9504 | D:7      | Reached skill level 3 in Air Magic
  9548 | D:7      | Reached skill level 11 in Spellcasting
  9592 | D:7      | Noticed a two-headed ogre
  9610 | D:7      | Killed a two-headed ogre
  9610 | D:7      | Reached ** piety under Kikubaaqudgha
  9611 | D:7      | Reached skill level 4 in Necromancy
 10115 | D:8      | Reached skill level 4 in Air Magic
 10183 | D:8      | Noticed a boulder beetle
 10257 | D:8      | Reached skill level 5 in Necromancy
 10390 | D:8      | Found a burning altar of Makhleb.
 10473 | D:8      | Found a snail-covered altar of Cheibriados.
 10473 | D:8      | Found an opulent altar of Gozag.
 10473 | D:8      | Found a shadowy altar of Dithmenos.
 10473 | D:8      | Found a hide-covered altar of Uskayaw.
 10491 | D:8      | Reached skill level 12 in Spellcasting
 10531 | D:8      | Noticed a two-headed ogre
 10549 | D:8      | Killed a two-headed ogre
 10550 | D:8      | Reached skill level 6 in Necromancy
 10550 | D:8      | Reached skill level 5 in Air Magic
 11155 | D:8      | Killed a boulder beetle
 11156 | D:8      | Reached skill level 7 in Necromancy
 11156 | D:8      | Reached XP level 11. HP: 72/72 MP: 27/27
 11605 | D:9      | Reached skill level 2 in Dodging
 11661 | D:9      | Found a staircase to the Lair.
 11991 | D:9      | Noticed Maurice
 12008 | D:9      | Killed Maurice
 12099 | D:9      | Reached skill level 3 in Fighting
 12145 | D:9      | Found a blossoming altar of Fedhas.
 12257 | D:9      | You add the spells Olgreb's Toxic Radiance, Ozocubu's
                  | Refrigeration and Ignition to your library.
 12274 | D:9      | You fall into a shaft and drop 1 floor!
 12274 | D:10     | Entered Level 10 of the Dungeon
 12627 | D:10     | You pick up a book of the Senses and begin reading...
 12627 | D:10     | You add the spells Dazzling Flash, Agony and Silence to
                  | your library.
 12658 | D:10     | Noticed Joseph
 12661 | D:10     | Noticed a two-headed ogre
 12680 | D:10     | Killed a two-headed ogre
 12682 | D:10     | Killed Joseph
 12683 | D:10     | Reached skill level 3 in Dodging
 12912 | D:10     | Found a shimmering altar of Xom.
 12912 | D:10     | Found a shimmering altar of Xom.
 12913 | D:10     | Found a shimmering altar of Xom.
 12914 | D:10     | Found a shimmering altar of Xom.
 12914 | D:10     | Found a shimmering altar of Xom.
 13001 | D:10     | Noticed Grum
 13006 | D:10     | Killed Grum
 13067 | D:10     | Reached *** piety under Kikubaaqudgha
 13067 | D:10     | You add the spells Anguish, Dispel Undead, Borgnjor's Vile
                  | Clutch and Death Channel to your library.
 13067 | D:10     | Received a gift from Kikubaaqudgha
 13068 | D:10     | Reached skill level 4 in Fighting
 13168 | D:10     | Reached skill level 8 in Necromancy
 13349 | D:10     | Noticed a deep troll
 13383 | D:10     | Killed a deep troll
 13411 | D:10     | Found the necklace of Bloodlust {*Rage Will++ Int-3 Slay+6}
 13597 | D:11     | Reached skill level 13 in Spellcasting
 13598 | D:11     | Reached skill level 4 in Dodging
 13673 | D:11     | Reached skill level 5 in Fighting
 13862 | D:11     | Reached XP level 12. HP: 86/86 MP: 25/29
 13905 | D:11     | Reached skill level 9 in Necromancy
 14307 | D:11     | Noticed a two-headed ogre
 14323 | D:11     | Killed a two-headed ogre
 14597 | D:11     | Noticed a boulder beetle
 14633 | D:11     | Killed a boulder beetle
 14634 | D:11     | Reached skill level 14 in Spellcasting
 14651 | D:11     | Noticed a two-headed ogre
 14676 | D:11     | Killed a two-headed ogre
 14817 | D:10     | Noticed Harold
 14848 | D:10     | Killed Harold
 14914 | Lair:1   | Entered Level 1 of the Lair of Beasts
 14953 | Lair:1   | Reached skill level 10 in Necromancy
 15047 | Lair:1   | Noticed Maggie
 15061 | Lair:1   | Killed Maggie
 15222 | Lair:1   | Learned a level 4 spell: Anguish
 15296 | Lair:1   | Found a dark tunnel.
 15436 | Lair:1   | Reached skill level 15 in Spellcasting
 15959 | Lair:2   | Learned a level 6 spell: Death Channel
 15965 | Lair:2   | Learned a level 5 spell: Borgnjor's Vile Clutch
 16032 | Lair:2   | Reached skill level 11 in Necromancy
 16212 | Lair:2   | Reached skill level 12 in Necromancy
 16219 | Lair:2   | Found a staircase to the Swamp.
 16463 | Lair:2   | Gained mutation: You are strongly in touch with the powers
                  | of death. [Mummy growth]
 16463 | Lair:2   | Reached XP level 13. HP: 91/91 MP: 20/32
 17064 | Lair:3   | Found a transporter.
 17077 | Lair:3   | Found a transporter.
 17082 | Lair:3   | Found a bloodstained altar of Trog.
 17082 | Lair:3   | Noticed Memioteh's ghost (journeyman DsMo)
 17201 | Lair:3   | Found a staircase to the Snake Pit.
 17207 | Lair:3   | Reached skill level 2 in Stealth
 17609 | Lair:4   | Reached skill level 1 in Shields
 17613 | Lair:4   | Reached skill level 1 in Earth Magic
 17723 | Lair:4   | Found a staircase to the Slime Pits.
 17802 | Lair:4   | Identified the +0 leather armour of Refuge {Harm}
 18140 | Lair:5   | Entered Level 5 of the Lair of Beasts
 18193 | Lair:5   | Reached skill level 2 in Earth Magic
 18203 | Lair:5   | Identified the +5 great sword "Qugeim" {vorpal, rPois
                  | Int+3}
 18231 | Lair:5   | Reached skill level 3 in Stealth
 18294 | Lair:5   | Reached skill level 13 in Necromancy
 18374 | Lair:5   | Reached skill level 5 in Dodging
 18406 | Lair:5   | Reached skill level 3 in Earth Magic
 18410 | Lair:5   | Reached skill level 4 in Stealth
 18585 | Lair:5   | Reached **** piety under Kikubaaqudgha
 18703 | Lair:5   | Reached skill level 16 in Spellcasting
 18703 | Lair:5   | Reached skill level 4 in Earth Magic
 19022 | Lair:5   | Identified the +6 trident of Gin and Tonic {flame, rCorr
                  | Str+4}
 19602 | D:12     | Reached XP level 14. HP: 98/98 MP: 14/34
 19788 | D:12     | Noticed Urug
 19791 | D:12     | Killed Urug
 20041 | D:12     | Reached ***** piety under Kikubaaqudgha
 20121 | D:12     | Found a staircase to the Orcish Mines.
 20727 | D:13     | Reached skill level 5 in Earth Magic
 20817 | D:13     | Reached skill level 14 in Necromancy
 21041 | D:13     | Found a gate to the Vaults.
 21952 | D:14     | You pick up a book of Callings and begin reading...
 21992 | D:14     | Found a runed translucent door.
 22004 | D:14     | Reached skill level 17 in Spellcasting
 22032 | D:14     | Found a runed translucent gate.
 22033 | D:14     | Found a runed translucent gate.
 22034 | D:14     | Found a runed translucent gate.
 22035 | D:14     | Noticed Pocvaraige's ghost (journeyman TrMo)
 22131 | D:14     | Reached skill level 6 in Earth Magic
 22239 | D:14     | Noticed Nessos
 22241 | D:14     | Nessos changed into Nessos the blink frog
 22241 | D:14     | Noticed Nessos
 22261 | D:14     | Killed Nessos the blink frog
 22602 | D:14     | Identified the +10 scimitar of a treasure trove {distort,
                  | Contam rElec rPois Dex+9}
 22602 | D:14     | Identified the +0 leather armour of Xoaphev {Harm rC- Int+4
                  | Dex+6}
 22771 | Orc:1    | Entered Level 1 of the Orcish Mines
 22800 | D:12     | HP: 24/98 [orc priest/divine providence[an orc high priest]
                  | (13)]
 23580 | Orc:2    | Entered Level 2 of the Orcish Mines
 23844 | Orc:2    | Found Giguhia's Distillery.
 23858 | Orc:2    | Found Typhirown's General Store.
 23960 | Orc:2    | Reached skill level 7 in Earth Magic
 24066 | Orc:2    | Reached skill level 15 in Necromancy
 24066 | Orc:2    | Reached XP level 15. HP: 103/103 MP: 31/36
 24086 | Orc:2    | Reached ****** piety under Kikubaaqudgha
 24142 | Orc:2    | Reached skill level 18 in Spellcasting
 24330 | Orc:2    | Found Razxeire's Book Shop.
 24330 | Orc:2    | Found Ludak's Antique Weapon Boutique.
 24330 | Orc:2    | Found a one-way gate leading to the halls of Pandemonium.
 24341 | Orc:2    | Bought a book of Death for 440 gold pieces
 24341 | Orc:2    | You pick up a book of Death and begin reading...
 24341 | Orc:2    | You add the spells Haunt and Infestation to your library.
 24341 | Orc:2    | Identified a +8 demon trident of pain {polearm} (a +6 demon
                  | trident of draining {polearm} bloodied by Kikubaaqudgha)
 24341 | Orc:2    | Received a gift from Kikubaaqudgha
 24449 | Orc:2    | Found a staircase to the Elven Halls.
 24461 | Orc:2    | Reached skill level 1 in Polearms
 24468 | Orc:2    | Reached skill level 8 in Earth Magic
 24901 | D:15     | Entered Level 15 of the Dungeon
 24978 | D:15     | You pick up a book of the Wilderness and begin reading...
 24978 | D:15     | You add the spells Summon Forest, Summon Mana Viper and
                  | Summon Cactus Giant to your library.
 25042 | D:15     | Reached skill level 2 in Polearms
 25094 | D:15     | Noticed Josephine
 25105 | D:15     | Killed Josephine
 25183 | D:15     | Reached skill level 3 in Polearms
 25189 | D:15     | Noticed Louise
 25203 | D:15     | Killed Louise
 25206 | D:15     | a +2 eveningstar of draining {macerare=g}; a +0 chain mail;
                  | a +0 tower shield
 25274 | D:15     | Found a staircase to the Depths.
 25284 | D:15     | a +2 eveningstar of draining {macerare=g}; a +0 chain mail;
                  | a +0 tower shield
 25284 | D:15     | a +2 eveningstar of draining {macerare=g}; a +0 chain mail;
                  | a +0 tower shield
 25284 | D:15     | Could not pick up a +2 eveningstar of draining {macerare=g}
                  | here; ([A]lways) ignore it?
 25352 | D:15     | Your ally Louise died
 25364 | D:15     | Reached skill level 19 in Spellcasting
 26376 | Snake:1  | Entered Level 1 of the Snake Pit
 26387 | Snake:1  | Reached skill level 4 in Polearms
 26410 | Snake:1  | You pick up a book of the Earth and begin reading...
 26410 | Snake:1  | You add the spells Leda's Liquefaction and Lee's Rapid
                  | Deconstruction to your library.
 26526 | Snake:1  | Reached skill level 16 in Necromancy
 26603 | Snake:1  | Noticed Roxanne
 26695 | Snake:1  | Reached XP level 16. HP: 92/109 MP: 17/39
 26844 | Snake:1  | Identified a scroll of acquirement
 26854 | Snake:1  | Acquired the +2 cloak of the Thief {*Fog Slay-2 SInv
                  | Stlth+}
 26854 | Snake:1  | Found the +2 cloak of the Thief {*Fog Slay-2 SInv Stlth+}
 26882 | Snake:1  | Noticed Agnes
 26893 | Snake:1  | Killed Agnes
 26894 | Snake:1  | Reached skill level 5 in Polearms
 27407 | Snake:2  | Reached skill level 17 in Necromancy
 27490 | Snake:2  | HP: 27/109 [naga sharpshooter/bolt (8)]
 27510 | Snake:2  | HP: 15/109 [naga sharpshooter/bolt (19)]
 27511 | Snake:2  | Shot with a bolt by a naga sharpshooter

Vanquished Creatures
  Agnes (Snake:1)
  2 ettins
  2 hydras (D:15)
  A salamander tyrant (Snake:1)
  An anaconda (Snake:1)
  A centaur warrior (D:13)
  2 catoblepae
  2 boulder beetles
  A merfolk avatar (Lair:5)
  4 orc high priests (Orc:2)
  A tengu warrior (D:15)
  4 naga warriors
  A naga sharpshooter (Snake:1)
  A sea snake (Snake:1)
  4 orc knights (Orc:2)
  A naga ritualist (Snake:1)
  4 mana vipers
  7 orc sorcerers
  4 ugly things
  2 manticores
  3 cyclopes
  6 black mambas
  A gargoyle (D:13)
  A naga mage (Snake:1)
  An unseen horror (D:12)
  2 cane toads
  A yaktaur (D:14)
  A tengu conjurer (D:13)
  2 hellwings (Orc:2)
  A wind drake (Lair:5)
  4 trolls
  2 polar bears
  2 blink frogs
  A wyvern (D:8)
  A yak (Lair:5)
  A basilisk (Lair:5)
  A steam dragon (D:13)
  2 vampire mosquitoes (D:12)
  A warg (Orc:2)
  A water moccasin (Lair:5)
  6 nagas (Snake:1)
  A sky beast (D:6)
  22 orc warriors
  3 ogres (Orc:2)
  A wolf (Lair:4)
  7 centaurs
  A phantom (D:5)
  2 kobold brigands
  3 bullfrogs
  10 orc priests
  7 orc wizards
  A gnoll (D:4)
  2 adders
  25 orcs
  A ball python (D:3)
  4 bats
  An endoplasm (D:2)
  A giant cockroach (D:2)
  A goblin (D:1)
  A hobgoblin (D:15)
  2 jackals (D:2)
  A frilled lizard (D:3)
  2 kobolds
186 creatures vanquished.

Vanquished Creatures (collateral kills)
  Louise (D:15)
  Josephine (D:15)
  2 centaur warriors (D:15)
  A demonspawn (Orc:2)
  3 hydras
  2 anacondas (Snake:2)
  A two-headed ogre (D:8)
  3 naga warriors
  3 tengu warriors
  4 orc high priests
  A naga sharpshooter (Snake:2)
  2 shock serpents
  A deep troll (D:10)
  4 sea snakes
  2 naga ritualists
  A wizard (D:15)
  A bog body (Lair:2)
  2 orc knights
  3 cyclopes (D:13)
  A deep elf pyromancer (D:13)
  2 mana vipers
  2 salamanders
  10 ugly things
  An orc sorcerer (Orc:2)
  4 elephants
  Joseph (D:10)
  A guardian serpent (Snake:2)
  Maurice (D:9)
  13 black mambas
  4 naga magi
  Maggie (Lair:1)
  5 kobold demonologists
  7 cane toads
  A gargoyle (D:14)
  A komodo dragon (shapeshifter) (D:13)
  3 rime drakes
  9 komodo dragons
  A tengu conjurer (D:15)
  3 trolls
  3 polar bears
  A wind drake (Lair:5)
  5 dream sheep (Lair:5)
  5 slime creatures
  11 blink frogs
  6 wraiths
  A steam dragon (Lair:5)
  3 wyverns
  2 shadows
  33 yaks
  A vampire (D:8)
  Grum (D:10)
  5 basilisks
  A chaos spawn (Orc:2)
  4 vampire mosquitoes
  2 wargs
  7 nagas
  2 swamp worms (Lair:2)
  2 acid dragons (D:9)
  7 water moccasins
  10 orc warriors
  2 ice beasts
  4 black bears
  3 sky beasts
  6 wolves
  8 centaurs
  5 ogres
  2 phantoms
  5 kobold brigands
  2 lemures (D:4)
  11 bullfrogs
  2 scorpions
  5 killer bees (D:8)
  An electric eel (Lair:2)
  7 howler monkeys
  3 hounds
  4 jellies
  2 gnoll boudas
  13 orc priests
  6 iguanas
  Natasha (twice) (D:3)
  21 orc wizards
  13 gnolls
  6 adders
  An ufetubus (D:5)
  2 worms (D:3)
  3 dart slugs
  73 orcs
  7 endoplasms
  3 giant cockroaches
  3 goblins
  5 hobgoblins
  A jackal (D:2)
  5 quokkas
  4 ball pythons
  5 bats
  A goblin zombie (D:15)
  A hobgoblin zombie (D:15)
  A jackal zombie (D:9)
  27 kobolds
  An orc zombie (D:13)
  6 rats
  A butterfly (Lair:3)
504 creatures vanquished.

Vanquished Creatures (others)
  2 nagarajas
  A yaktaur captain (D:15)
  Harold (D:10)
  A demonspawn (Orc:2)
  5 centaur warriors
  3 hydras
  7 two-headed ogres
  2 boulder beetles
  2 naga warriors (Snake:1)
  2 tengu warriors
  An orc high priest (Orc:1)
  2 shock serpents (Snake:1)
  Urug (D:12)
  A naga sharpshooter (Snake:1)
  A hell knight (D:15)
  A naga ritualist (Snake:2)
  2 deep elf pyromancers
  Pikel (D:4)
  2 mana vipers (Snake:1)
  An ugly thing (D:14)
  An orc knight (D:15)
  A cyclops (D:15)
  4 manticores
  An orc sorcerer (Orc:2)
  2 elephants
  2 salamanders (Snake:1)
  11 black mambas
  3 naga magi (Snake:2)
  2 shock serpent zombies (Snake:1)
  2 gargoyles (D:7)
  A freezing wraith (D:14)
  3 cane toads (Lair:5)
  6 rime drakes
  An efreet (D:14)
  A sea snake zombie (Snake:1)
  5 komodo dragons
  An unseen horror zombie (D:12)
  A yaktaur (D:15)
  2 mana viper zombies (Snake:2)
  A tengu conjurer (D:15)
  A hydra zombie (D:13)
  A troll (D:13)
  A human zombie (D:15)
  2 hornets
  2 slime creatures
  4 blink frogs
  A dream sheep (Lair:3)
  14 black mamba zombies
  A wraith (D:14)
  A slime creature zombie (D:13)
  16 yaks
  2 steam dragons
  A hog (shapeshifter) (D:14)
  2 vampire mosquitoes
  4 nagas
  A swamp worm (Lair:2)
  An acid dragon (D:8)
  3 cane toad zombies
  6 water moccasins
  5 orc warriors
  An ice beast (D:7)
  2 manticore zombies
  3 black bears
  An elf zombie (D:11)
  3 centaurs
  7 wolves
  4 rime drake zombies
  A hog zombie (D:14)
  3 yaktaur zombies
  2 kobold brigands
  3 komodo dragon zombies
  10 bullfrogs
  A cyclops zombie (D:13)
  4 water moccasin zombies
  A troll zombie (D:14)
  12 yak zombies
  An electric eel (Lair:5)
  3 wolf zombies (D:10)
  A howler monkey (D:11)
  A lava snake (Lair:5)
  13 centaur zombies
  12 bullfrog zombies
  An orc priest (Orc:2)
  A hound (D:11)
  2 iguanas
  2 orc wizards
  A killer bee zombie (D:8)
  5 kobold zombies (D:9)
  6 naga zombies (Snake:2)
  An ogre zombie (Orc:2)
  A hound zombie (D:11)
  A howler monkey zombie (D:11)
  2 gnolls (D:6)
  2 adders (D:15)
  A steam dragon zombie (D:13)
  2 adder zombies (D:15)
  An iguana zombie (D:9)
  5 orcs
  A bat (D:9)
  A bat zombie (D:9)
  An endoplasm (D:15)
  2 goblins
  A jackal (D:9)
  2 quokkas
  A ball python (D:9)
  An endoplasm zombie (D:15)
  A goblin zombie (D:9)
  43 orc zombies
  62 fungi
  141 plants
539 creatures vanquished.

Grand Total: 1229 creatures vanquished

Table legend:
 A = Non-vault XP
 B = Vault XP
 C = Vault XP percentage of total XP
 D = Non-vault monster count
 E = Vault monster count
 F = Vault count percentage of total count
                 A         B        C        D         E       F
            +---------+---------+-------+---------+---------+-------
      Total |  127553 |   49357 |  27.9 |     602 |     176 |  22.6
            +---------+---------+-------+---------+---------+-------
        D:1 |      38 |       0 |   0.0 |      23 |       0 |   0.0
        D:2 |      64 |       0 |   0.0 |      23 |       0 |   0.0
        D:3 |      82 |      97 |  54.2 |      12 |       8 |  40.0
        D:4 |     565 |     586 |  50.9 |      25 |       1 |   3.8
        D:5 |     994 |       0 |   0.0 |      31 |       0 |   0.0
        D:6 |     841 |     132 |  13.6 |      22 |       1 |   4.3
        D:7 |     766 |    3434 |  81.8 |      14 |      16 |  53.3
        D:8 |    2841 |    1849 |  39.4 |      20 |       6 |  23.1
        D:9 |     808 |    1002 |  55.4 |      17 |       6 |  26.1
       D:10 |    2288 |    2638 |  53.6 |       9 |       7 |  43.8
       D:11 |    8281 |       0 |   0.0 |      42 |       0 |   0.0
       D:12 |    5667 |    1102 |  16.3 |      40 |      18 |  31.0
       D:13 |    9023 |    3913 |  30.2 |      33 |       7 |  17.5
       D:14 |    8902 |     259 |   2.8 |      16 |       1 |   5.9
       D:15 |   15031 |    7314 |  32.7 |      33 |      12 |  26.7
     Lair:1 |    2022 |     772 |  27.6 |      10 |       3 |  23.1
     Lair:2 |    7732 |    1197 |  13.4 |      29 |       5 |  14.7
     Lair:3 |    2289 |     332 |  12.7 |      10 |       2 |  16.7
     Lair:4 |    3362 |      93 |   2.7 |      15 |       1 |   6.2
     Lair:5 |   10856 |    7985 |  42.4 |      43 |      20 |  31.7
    Snake:1 |   22243 |    1499 |   6.3 |      44 |       1 |   2.2
    Snake:2 |   13973 |       0 |   0.0 |      26 |       0 |   0.0
      Orc:1 |    3835 |       0 |   0.0 |      33 |       0 |   0.0
      Orc:2 |    5050 |   15153 |  75.0 |      32 |      61 |  65.6
            +---------+---------+-------+---------+---------+-------

Illustrated notes

Table legend:
 A = Kills in this place as a percentage of kills in entire the game.
 B = Kills by you in this place as a percentage of kills by you in the entire game.
 C = Kills by friends in this place as a percentage of kills by friends in the entire game.
 D = Other kills in this place as a percentage of other kills in the entire game.
 E = Experience gained in this place as a percentage of experience gained in the entire game.
 F = Experience gained in this place divided by the number of levels of this place that you have seen.
                   A       B       C       D       E      F
               +-------+-------+-------+-------+-------+----------------------
         Total | 100.0 | 100.0 | 100.0 | 100.0 | 100.0 | 7076.4
       Dungeon |  56.9 |  43.8 |  63.8 |  47.2 |  44.4 | 5234.5
          Lair |  17.7 |   7.4 |  17.4 |  36.1 |  20.7 | 7328.0
     Snake Pit |   9.1 |  13.6 |   7.9 |   7.4 |  21.3 | 18857.5
  Orcish Mines |  16.2 |  35.2 |  10.9 |   9.3 |  13.6 | 12019.0
               +-------+-------+-------+-------+-------+----------------------

Table legend: (Time is in decaauts)
 A = Elapsed time spent in this place.
 B = Non-inter-level travel time spent in this place.
 C = Inter-level travel time spent in this place.
 D = Time resting spent in this place.
 E = Time spent auto-exploring this place.
 F = Levels seen in this place.
 G = Mean time per level.
                   A        B        C        D        E       F      G
               +--------+--------+--------+--------+--------+-----+--------+
         Total |  27655 |  26214 |   1441 |   3231 |  12040 |  25 | 1106.2 |
       Dungeon |  20122 |  19068 |   1054 |   2909 |   8759 |  15 | 1341.5 |
        Temple |     59 |     42 |     17 |      0 |     34 |   1 |   59.0 |
          Lair |   4620 |   4297 |    323 |     53 |   2214 |   5 |  924.0 |
     Snake Pit |   1154 |   1126 |     28 |    107 |    418 |   2 |  577.0 |
  Orcish Mines |   1699 |   1682 |     17 |    162 |    615 |   2 |  849.5 |
               +--------+--------+--------+--------+--------+-----+--------+

Top non-repeatable levels by time:
     D:7: 1814 daAuts
    D:13: 1708 daAuts
     D:8: 1692 daAuts
     D:5: 1680 daAuts
     D:3: 1557 daAuts
     D:4: 1461 daAuts
    D:11: 1400 daAuts
    D:12: 1359 daAuts
     D:6: 1281 daAuts
   Orc:2: 1221 daAuts
    D:15: 1202 daAuts
  Lair:5: 1196 daAuts
     D:1: 1164 daAuts
    D:10: 1157 daAuts
  Lair:2: 1118 daAuts
